[Event "Team 45 45 League T93"]
[Site "Internet Chess Club"]
[Date "2022.08.01"]
[Round "3"]
[White "Toalla"]
[Black "PsyMar"]
[Result "1-0"]
[WhiteElo "1224"]
[BlackElo "1251"]
[Opening "Ruy Lopez: open, Richter variation"]
[ECO "C80"]
[Time "13:00:22"]
[PlyCount "141"]
[TimeControl "2700+45"]

1. e4 e5 2. Nf3 Nc6 3. Bb5 a6 4. Ba4 Nf6 5. O-O Nxe4 6. d4 b5 7. d5 Ne7 8. Re1
Nf6 9. Nxe5 bxa4 10. d6 cxd6 11. Nc4 Qc7 12. Nxd6+ Kd8 13. Bf4 Qc6 14. Qd2 Bb7
15. Qa5+ Qc7 16. Qxc7+ Kxc7 17. Nxf7+ Kb6 18. Nxh8 Ned5 19. Bg3 Bb4 20. c3 Bc5
21. Nf7 h6 22. Nd2 Ka7 23. Bd6 Bb6 24. a3 Ng4 25. Bg3 Ba5 26. h3 Ngf6 27. Nd6
Bc6 28. N2c4 Bc7 29. Rad1 Rf8 30. Nf5 Nh5 31. Bxc7 Nxc7 32. Ne7 Bb5 33. Nd6 Nf4
34. Nxb5+ axb5 35. Rxd7 Kb6 36. Red1 Nfe6 37. Nd5+ Nxd5 38. R1xd5 Re8 39. R7d6+
Kc7 40. Kf1 Nf4 41. Rd4 Ne6 42. Rd2 Nc5 43. Rg6 Re7 44. f3 Ne6 45. Re2 Kd7 46.
Kf2 Re8 47. g3 Nc5 48. Rxg7+ Kd8 49. Rh7 Nd3+ 50. Kf1 Rxe2 51. Kxe2 Nxb2 52. Rb7
Nc4 53. Rxb5 Nxa3 54. Ra5 Nb1 55. Kd3 a3 56. c4 Kc7 57. f4 Kb6 58. Rb5+ Kc6 59.
Rxb1 a2 60. Ra1 Kc5 61. Rxa2 Kd6 62. Ra6+ Kc5 63. Rxh6 Kb4 64. f5 Kb3 65. f6 Ka4
66. f7 Ka5 67. f8=Q Ka4 68. Qf5 Kb4 69. Rb6+ Ka4 70. Qc8 Ka5 71. Qa6# {Black
checkmated} 1-0

[Event "Team 45 45 League T93"]
[Site "Internet Chess Club"]
[Date "2022.07.29"]
[Round "3"]
[White "stantheman59"]
[Black "kabubi"]
[Result "1-0"]
[WhiteElo "1158"]
[BlackElo "1136"]
[Opening "Queen's Indian defense"]
[ECO "A47"]
[Time "20:03:36"]
[PlyCount "85"]
[TimeControl "2700+45"]

1. d4 Nf6 2. Nf3 b6 3. c4 Bb7 4. Nc3 Ba6 5. e4 d6 6. Bd3 e5 7. d5 Be7 8. b4 O-O
9. b5 Bb7 10. O-O Nbd7 11. h3 a6 12. bxa6 Bxa6 13. Be3 Ne8 14. Qd2 Ndf6 15. a4
h6 16. Nh4 Nxe4 17. Nxe4 Bxh4 18. f4 f5 19. fxe5 fxe4 20. Rxf8+ Kxf8 21. Rf1+
Kg8 22. Bxe4 Bxc4 23. Rf4 Bg5 24. Rg4 Bxe3+ 25. Qxe3 Kf7 26. e6+ Ke7 27. Qg3 Kf8
28. Bh7 Bxd5 29. Rf4+ Ke7 30. Rf7+ Kxe6 31. Qg6+ Ke5 32. Qf5+ Kd4 33. Qf2+ Kc4
34. Qc2+ Kb4 35. Qd2+ Kc5 36. Qc3+ Bc4 37. Rf4 Rxa4 38. Bd3 b5 39. Qd4+ Kb4 40.
Bxc4 Ka5 41. Qa7+ Kb4 42. Bd5+ Ka3 43. Qe3+ {Black resigns} 1-0

[Event "Team 45 45 League T93"]
[Site "Internet Chess Club"]
[Date "2022.07.30"]
[Round "3"]
[White "ElValero"]
[Black "Gojira"]
[Result "1-0"]
[WhiteElo "1757"]
[BlackElo "1533"]
[Opening "Sicilian: accelerated fianchetto, Maróczy bind"]
[ECO "B36"]
[Time "09:00:22"]
[PlyCount "35"]
[TimeControl "2700+45"]

1. e4 c5 2. Nf3 g6 3. d4 cxd4 4. Nxd4 Nc6 5. c4 Nf6 6. Nc3 d6 7. Be2 Nxd4 8.
Qxd4 Bg7 9. O-O O-O 10. Qd1 Be6 11. Rb1 Nd7 12. Nd5 Nc5 13. f3 a5 14. Bg5 Bxd5
15. Qxd5 h6 16. Bh4 e6 17. Bxd8 exd5 18. Be7 {Black resigns} 1-0

[Event "Team 45 45 League T93"]
[Site "Internet Chess Club"]
[Date "2022.07.27"]
[Round "3"]
[White "Rookmaster"]
[Black "mongmong"]
[Result "1/2-1/2"]
[WhiteElo "1490"]
[BlackElo "1487"]
[Opening "French: advance, Milner-Barry gambit"]
[ECO "C02"]
[Time "20:39:17"]
[PlyCount "64"]
[TimeControl "2700+45"]

1. e4 e6 2. d4 d5 3. e5 c5 4. c3 Nc6 5. Nf3 Qb6 6. Bd3 cxd4 7. O-O Bd7 8. Re1
Nge7 9. h4 h6 10. Na3 Nf5 11. Bxf5 Bxa3 12. bxa3 exf5 13. cxd4 O-O 14. Be3 Rac8
15. Qd2 Ne7 16. Rab1 Qa6 17. Qb4 Nc6 18. Qxb7 Qxb7 19. Rxb7 Be6 20. Reb1 Rb8 21.
Rxb8 Rxb8 22. Rxb8+ Nxb8 23. Nd2 Nc6 24. Kf1 Kf8 25. Ke2 Ke8 26. Nb3 Kd7 27. f4
h5 28. Kd3 Kc7 29. Bd2 Kb6 30. a4 a6 31. a3 g6 32. Bc3 a5 {Game drawn by mutual
agreement} 1/2-1/2

[Event "Team 45 45 League T93"]
[Site "Internet Chess Club"]
[Date "2022.08.02"]
[Round "3"]
[White "Toalla"]
[Black "trogers41"]
[Result "1/2-1/2"]
[WhiteElo "1218"]
[BlackElo "1356"]
[Opening "Catalan: closed, 7.Qc2"]
[ECO "E08"]
[Time "14:05:09"]
[PlyCount "69"]
[TimeControl "2700+45"]

1. d4 Nf6 2. c4 e6 3. g3 d5 4. Bg2 Be7 5. Nf3 O-O 6. O-O Nbd7 7. Qc2 h6 8. Rd1
c6 9. c5 b6 10. b4 bxc5 11. bxc5 Qc7 12. Nbd2 e5 13. dxe5 Nxe5 14. Nxe5 Qxe5 15.
Nb3 Bf5 16. Qb2 Qxb2 17. Bxb2 Rab8 18. Rd2 Ne4 19. Bxe4 Bxe4 20. f3 Bf5 21. g4
Be6 22. Ba3 Bf6 23. Nd4 Rb7 24. Rad1 Bd7 25. Rb2 Rxb2 26. Bxb2 Rb8 27. Bc3 Bxd4+
28. Bxd4 Rb4 29. e3 Ra4 30. Rd2 Bc8 31. Rb2 Ba6 32. Rb8+ Kh7 33. f4 Rxa2 34. Rb2
Rxb2 35. Bxb2 {Game drawn by mutual agreement} 1/2-1/2

[Event "Team 45 45 League T93"]
[Site "Internet Chess Club"]
[Date "2022.08.01"]
[Round "3"]
[White "blind-warrior"]
[Black "WzeroMN"]
[Result "1-0"]
[WhiteElo "1302"]
[BlackElo "998"]
[Opening "Torre attack (Tartakower variation)"]
[ECO "D03"]
[Time "13:41:48"]
[PlyCount "43"]
[TimeControl "2700+45"]

1. d4 d5 2. Bg5 Nf6 3. Nf3 Ne4 4. Bf4 e6 5. e3 Bd6 6. Bd3 Bxf4 7. exf4 f5 8. O-O
Nc6 9. Nbd2 Qd6 10. Ne5 Nxe5 11. fxe5 Qb6 12. Nf3 Qxb2 13. Rb1 Qa3 14. Bxe4 fxe4
15. Ng5 Qe7 16. Qh5+ g6 17. Qh6 Qf8 18. Qxf8+ Kxf8 19. Rb3 Kg7 20. f3 Bd7 21.
Rxb7 Raf8 22. Rxc7 {Black resigns} 1-0

[Event "Team 45 45 League T93"]
[Site "Internet Chess Club"]
[Date "2022.07.30"]
[Round "3"]
[White "timothysmall56"]
[Black "fhunfi"]
[Result "0-1"]
[WhiteElo "1627"]
[BlackElo "1727"]
[Opening "French: Alapin variation"]
[ECO "C01"]
[Time "20:02:25"]
[PlyCount "66"]
[TimeControl "2700+45"]

1. e4 e6 2. d4 d5 3. Be3 dxe4 4. Nd2 Nf6 5. f3 Nd5 6. Qe2 exf3 7. Ngxf3 Nxe3 8.
Qxe3 Be7 9. Bd3 Nd7 10. O-O c5 11. c3 cxd4 12. cxd4 Nf6 13. Ne5 O-O 14. Rac1 Bd7
15. Qh3 h6 16. Qf3 Bc6 17. Qf2 Bd5 18. b3 Rc8 19. Ndc4 Rc7 20. Ne3 Qc8 21. Rxc7
Qxc7 22. Nxd5 exd5 23. Qg3 Rc8 24. Bf5 Rd8 25. Nxf7 Qxg3 26. Nxh6+ gxh6 27. hxg3
Kg7 28. Rc1 Bd6 29. g4 Re8 30. Kf2 Ne4+ 31. Kg1 Ng3 32. Bd3 Ne2+ 33. Bxe2 Rxe2
{White resigns} 0-1

[Event "Team 45 45 League T93"]
[Site "Internet Chess Club"]
[Date "2022.08.01"]
[Round "3"]
[White "fireball"]
[Black "fvafier"]
[Result "0-1"]
[WhiteElo "1540"]
[BlackElo "1505"]
[Opening "QGD semi-Slav"]
[ECO "D43"]
[Time "10:01:54"]
[PlyCount "74"]
[TimeControl "2700+45"]

1. d4 d5 2. c4 c6 3. Nf3 Nf6 4. Nc3 e6 5. Bg5 h6 6. Bh4 dxc4 7. a4 g5 8. Bg3 Bb4
9. e3 Ne4 10. Qc2 Nxg3 11. hxg3 b5 12. Nd2 Qa5 13. Ra2 Qb6 14. Nde4 Be7 15. b3
cxb3 16. Qxb3 b4 17. a5 Qc7 18. Na4 Qxa5 19. Nac5 Qb6 20. Bc4 a5 21. O-O Na6 22.
Nxa6 Bxa6 23. Bxa6 Rxa6 24. Rc1 O-O 25. Nc5 Bxc5 26. Rxc5 Rd8 27. Qa4 Rd5 28.
Rac2 Rxc5 29. Rxc5 b3 30. Rc1 b2 31. Rb1 Ra8 32. Qa3 Rb8 33. Kf1 Qb4 34. Qa2 a4
35. Ke2 Qb3 36. Qxb3 Rxb3 37. Kd2 a3 {White resigns} 0-1

[Event "Team 45 45 League T93"]
[Site "Internet Chess Club"]
[Date "2022.07.28"]
[Round "3"]
[White "Denis240964"]
[Black "vollmerj"]
[Result "1-0"]
[WhiteElo "1437"]
[BlackElo "1459"]
[Opening "Sicilian: closed"]
[ECO "B23"]
[Time "13:01:14"]
[PlyCount "103"]
[TimeControl "2700+45"]

1. e4 c5 2. Nc3 g6 3. f4 Bg7 4. Nf3 Nc6 5. Bc4 e6 6. O-O Nge7 7. e5 O-O 8. d3 d6
9. exd6 Qxd6 10. Ne4 Qc7 11. c3 b6 12. a4 Nd5 13. g3 Bb7 14. Qc2 Na5 15. Ba2 c4
16. d4 Nf6 17. Nxf6+ Bxf6 18. Be3 Rad8 19. Rad1 Bd5 20. Qe2 Nb7 21. Ne5 Nd6 22.
Bb1 a6 23. g4 b5 24. axb5 axb5 25. f5 exf5 26. gxf5 Bxe5 27. dxe5 Ne4 28. Rxd5
Nxc3 29. bxc3 Rxd5 30. Bf4 Qa7+ 31. Kh1 Re8 32. f6 Qd7 33. Bc2 Rd8 34. Rg1 Rd3
35. Bxd3 cxd3 36. Qd2 Qd5+ 37. Rg2 Qe4 38. Bg3 Ra8 39. h4 Ra1+ 40. Kh2 Kf8 41.
Qb2 Qa4 42. Qb4+ Qxb4 43. cxb4 Rb1 44. Rd2 Rb3 45. Kg2 Ke8 46. Kf3 Kd7 47. Ke3
Ke6 48. Rxd3 Rxb4 49. Rd4 Rb3+ 50. Kf4 g5+ 51. hxg5 Rxg3 52. Rd6# {Black
checkmated} 1-0

[Event "Team 45 45 League T93"]
[Site "Internet Chess Club"]
[Date "2022.07.29"]
[Round "3"]
[White "smsxman"]
[Black "ChessG2011"]
[Result "1-0"]
[WhiteElo "1403"]
[BlackElo "1473"]
[Opening "King's Indian: fianchetto without c4"]
[ECO "A49"]
[Time "23:30:10"]
[PlyCount "125"]
[TimeControl "2700+45"]

1. d4 Nf6 2. g3 g6 3. Nf3 Bg7 4. Bg2 d5 5. Nc3 O-O 6. O-O e6 7. Bf4 Nh5 8. Qd2
Nxf4 9. Qxf4 Nc6 10. a4 Qf6 11. Qxf6 Bxf6 12. e3 b6 13. Nb5 Bd8 14. c3 a6 15.
Na3 Be7 16. b4 Na7 17. Nc2 b5 18. a5 Bb7 19. Ne5 Rfd8 20. h3 Nc8 21. f3 Nd6 22.
Rfe1 Bf6 23. Ng4 Bg7 24. e4 Nc4 25. e5 Rf8 26. Bf1 h5 27. Bxc4 dxc4 28. Nh2 Bh6
29. Re2 Rfe8 30. Kf2 Kg7 31. f4 f6 32. g4 Bxf4 33. Nf3 hxg4 34. hxg4 fxe5 35.
Nxe5 Bxe5 36. Rxe5 Re7 37. Rae1 Rf8+ 38. Kg1 Rfe8 39. Ne3 Bc8 40. Kf2 Rf8+ 41.
Kg3 Bb7 42. Kh2 Bf3 43. Kg3 c6 44. Rg5 Kh6 45. Re5 Bd5 46. Nxd5 cxd5 47. Rxe6
Rxe6 48. Rxe6 Kg5 49. Rxa6 Re8 50. Kf3 Rf8+ 51. Kg3 Re8 52. Kf2 Rf8+ 53. Kg3 Re8
54. Kf3 Rf8+ 55. Ke3 Rf4 56. Rd6 Kxg4 57. Rxd5 Rf5 58. Re5 Rxe5+ 59. dxe5 Kf5
60. a6 Kxe5 61. a7 g5 62. a8=Q g4 63. Qe4+ {Black resigns} 1-0

[Event "Team 45 45 League T93"]
[Site "Internet Chess Club"]
[Date "2022.07.30"]
[Round "3"]
[White "mongmong"]
[Black "WillC"]
[Result "0-1"]
[WhiteElo "1478"]
[BlackElo "1578"]
[Opening "Queen's pawn game"]
[ECO "D04"]
[Time "14:04:44"]
[PlyCount "77"]
[TimeControl "2700+45"]

1. d4 d5 2. Nf3 Nf6 3. e3 b6 4. Bd3 Bb7 5. Qe2 e6 6. c3 Bd6 7. O-O O-O 8. Nbd2
c5 9. e4 dxe4 10. Nxe4 Nxe4 11. Bxe4 Bxe4 12. Qxe4 Nd7 13. dxc5 Nxc5 14. Qe2 Qf6
15. Be3 Rfd8 16. Rfd1 Qg6 17. Bxc5 Bxc5 18. Rxd8+ Rxd8 19. Rd1 Qf6 20. Rxd8+
Qxd8 21. Qd2 Qc7 22. b3 a5 23. c4 h6 24. h3 e5 25. Ne1 e4 26. Nc2 Qe7 27. Ne3
Qe5 28. Nd5 Qa1+ 29. Kh2 Bd6+ 30. g3 Qe5 31. Ne3 h5 32. Qd5 Qf6 33. Qxe4 Qxf2+
34. Kh1 Bc5 35. Qe8+ Kh7 36. Qe4+ g6 37. Qg2 Qxe3 38. Qf1 Kg7 39. Kg2 {White
resigns} 0-1

[Event "Team 45 45 League T93"]
[Site "Internet Chess Club"]
[Date "2022.07.30"]
[Round "3"]
[White "sdcohle"]
[Black "Kingofknights"]
[Result "0-1"]
[WhiteElo "1369"]
[BlackElo "1482"]
[Opening "Caro-Kann: exchange variation"]
[ECO "B13"]
[Time "12:02:15"]
[PlyCount "106"]
[TimeControl "2700+45"]

1. e4 c6 2. d4 d5 3. exd5 cxd5 4. Bd3 Nc6 5. c3 Qc7 6. Qf3 Nxd4 7. Qe3 Nc6 8.
Nf3 Nf6 9. O-O e6 10. Re1 Bd6 11. h3 O-O 12. Bb5 Bd7 13. Bxc6 bxc6 14. Ne5 Bc8
15. Nd2 c5 16. Ndf3 Bb7 17. Bd2 Ne4 18. Ng4 Nxd2 19. Qxd2 a5 20. Re3 Bf4 21. g3
Bxe3 22. Qxe3 Qe7 23. Re1 Rfd8 24. Nh4 d4 25. Qe5 Rd5 26. Nf5 Qf8 27. Nfh6+ Kh8
28. Nxf7+ Qxf7 29. Qxe6 Qxe6 30. Rxe6 Rad8 31. Ne5 Kg8 32. c4 R5d6 33. Re7 d3
34. Nxd3 Rxd3 35. Rxb7 R3d4 36. Rb5 Rxc4 37. Rxa5 Rc1+ 38. Kg2 c4 39. Rc5 Rc2
40. a4 Rdd2 41. Rf5 Rxb2 42. a5 Ra2 43. h4 g6 44. Rf4 c3 45. Rc4 c2 46. a6 Rxa6
47. Rc3 Ra1 48. Rc8+ Kg7 49. Rc7+ Kh6 50. g4 c1=Q 51. g5+ Kh5 52. Rxh7+ Kg4 53.
Rf7 Qg1# {White checkmated} 0-1

[Event "Team 45 45 League T93"]
[Site "Internet Chess Club"]
[Date "2022.07.30"]
[Round "3"]
[White "pandaknight"]
[Black "rgadoury"]
[Result "1-0"]
[WhiteElo "979"]
[BlackElo "1120"]
[Opening "English: four knights, Capablanca variation"]
[ECO "A28"]
[Time "14:00:43"]
[PlyCount "49"]
[TimeControl "2700+45"]

1. c4 e5 2. Nc3 Nc6 3. Nf3 Nf6 4. d3 Bb4 5. Bd2 d6 6. g3 Bd7 7. Bg2 Rb8 8. O-O
Nd4 9. a3 Nxf3+ 10. Bxf3 Bxc3 11. Bxc3 O-O 12. b4 a6 13. a4 b5 14. axb5 axb5 15.
c5 dxc5 16. Bxe5 cxb4 17. Ra7 Bg4 18. Bxg4 Nxg4 19. Bxc7 Qd4 20. Bxb8 Rxb8 21.
Qa1 Qxa1 22. Rfxa1 g6 23. Ra8 Rxa8 24. Rxa8+ Kg7 25. Rb8 {Black resigns} 1-0

[Event "Team 45 45 League T93"]
[Site "Internet Chess Club"]
[Date "2022.07.30"]
[Round "3"]
[White "AlWynJones"]
[Black "isolani"]
[Result "1-0"]
[WhiteElo "1468"]
[BlackElo "1224"]
[Opening "English opening"]
[ECO "A16"]
[Time "08:00:09"]
[PlyCount "41"]
[TimeControl "2700+45"]

1. c4 Nf6 2. Nc3 g6 3. e4 d6 4. d3 Bg7 5. f4 Nc6 6. Nf3 Bg4 7. Be2 e5 8. Nxe5
Bxe2 9. Nxc6 bxc6 10. Qxe2 O-O 11. O-O Nd7 12. Be3 f5 13. g4 fxe4 14. Nxe4 c5
15. f5 Rb8 16. Bg5 Qe8 17. f6 Nxf6 18. Bxf6 Bxf6 19. Rxf6 Qe5 20. Rxf8+ Rxf8 21.
Rf1 {Black resigns} 1-0

[Event "Team 45 45 League T93"]
[Site "Internet Chess Club"]
[Date "2022.08.01"]
[Round "3"]
[White "xingon"]
[Black "jcule"]
[Result "1/2-1/2"]
[WhiteElo "1297"]
[BlackElo "1336"]
[Opening "QGD"]
[ECO "D30"]
[Time "16:00:49"]
[PlyCount "128"]
[TimeControl "2700+45"]

1. d4 d5 2. c4 e6 3. Nf3 Nf6 4. Bg5 Be7 5. Nc3 dxc4 6. e4 h6 7. Bxf6 Bxf6 8.
Bxc4 O-O 9. e5 Be7 10. Qc2 b6 11. Bd3 Bb7 12. Be4 Bxe4 13. Qxe4 Na6 14. O-O Nb4
15. Rfd1 a5 16. d5 f5 17. Qc4 Kh8 18. dxe6 Qc8 19. Nd5 Bc5 20. Nh4 Kh7 21. e7
Re8 22. a3 Nxd5 23. Qxd5 Bxe7 24. Rd4 Rd8 25. Qc4 Rxd4 26. Qxd4 Bxh4 27. Qxh4
Qd8 28. Qc4 Qe7 29. e6 Rd8 30. Re1 Rd6 31. b4 axb4 32. axb4 c5 33. h3 Rc6 34.
Qd5 Rc8 35. Qxf5+ Kg8 36. Rc1 Rf8 37. Qd5 Rd8 38. Qc6 Rd6 39. Qc8+ Rd8 40. Qc6
Rd6 41. Qa8+ Kh7 42. Qe4+ g6 43. bxc5 Rxe6 44. Qd5 Re5 45. Qd6 bxc5 46. Qxe7+
Rxe7 47. Rxc5 h5 48. Kh2 Kh6 49. Kg3 Ra7 50. Rc4 Ra3+ 51. f3 Ra2 52. f4 h4+ 53.
Kf3 Ra3+ 54. Kg4 Rg3+ 55. Kxh4 Rxg2 56. Rc6 Kg7 57. Rb6 Rg1 58. Rb5 Kf6 59. Rg5
Rxg5 60. fxg5+ Kf5 61. Kg3 Kxg5 62. h4+ Kh5 63. Kh3 g5 64. hxg5 Kxg5 {Game drawn
because neither player has mating material} 1/2-1/2

[Event "Team 45 45 League T93"]
[Site "Internet Chess Club"]
[Date "2022.07.27"]
[Round "3"]
[White "Fulmar"]
[Black "Balderdash"]
[Result "0-1"]
[WhiteElo "1209"]
[BlackElo "1195"]
[Opening "Ruy Lopez: Bird's defense"]
[ECO "C61"]
[Time "19:00:09"]
[PlyCount "64"]
[TimeControl "2700+45"]

1. e4 e5 2. Nf3 Nc6 3. Bb5 Nd4 4. Nxd4 exd4 5. d3 a6 6. Ba4 Nf6 7. Qf3 c6 8. Bb3
d5 9. h3 Bb4+ 10. c3 dxc3 11. bxc3 dxe4 12. dxe4 Ba5 13. O-O b5 14. e5 Nd5 15.
Rd1 Be6 16. c4 bxc4 17. Bxc4 Bc7 18. Bf4 O-O 19. Nc3 Qh4 20. Bxd5 cxd5 21. Nxd5
Bxd5 22. Rxd5 Qe7 23. Re1 Qb4 24. Rd7 Qxe1+ 25. Kh2 Bb6 26. Bg3 Rad8 27. Re7
Rde8 28. Rd7 Rd8 29. Re7 Rd1 30. Qxf7+ Rxf7 31. Re8+ Rf8 32. Re7 Qh1# {White
checkmated} 0-1

[Event "Team 45 45 League T93"]
[Site "Internet Chess Club"]
[Date "2022.07.29"]
[Round "3"]
[White "oldbookseller"]
[Black "woofgang"]
[Result "0-1"]
[WhiteElo "1074"]
[BlackElo "1195"]
[Opening "King's Indian: East Indian defense"]
[ECO "A48"]
[Time "13:00:27"]
[PlyCount "74"]
[TimeControl "2700+45"]

1. d4 Nf6 2. Nf3 g6 3. e3 Bg7 4. Bd3 d6 5. O-O O-O 6. b3 Nbd7 7. h3 e5 8. Bb2 b6
9. Nbd2 Bb7 10. e4 Re8 11. Qe2 Nh5 12. Bc4 Nf4 13. Qe3 Ne6 14. d5 Nec5 15. Ng5
Bh6 16. Ndf3 Nxe4 17. Qxe4 Bxg5 18. Qg4 Bh6 19. Bd3 Bxd5 20. Bc1 Bxc1 21. Raxc1
Be6 22. Qg3 Nc5 23. Bxg6 hxg6 24. Ng5 f6 25. Qh4 fxg5 26. Qh6 Bf7 27. Rce1 Ne6
28. Re4 Nf4 29. g3 Nh5 30. f4 Nxg3 31. Ree1 Nxf1 32. Rxf1 gxf4 33. Rf3 Re6 34.
h4 g5 35. hxg5 Rxh6 36. gxh6 Qg5+ 37. Kf2 Qxh6 {White resigns} 0-1